Map: Aura da Morte LE

Players

faelzin - Winner!

  • Race: Terran Terran
  • Spawn Location: 11:00

VOD

Have the link to the VOD?

Description

Time

  • Played on: Aug. 4, 2020, 4:53 p.m.
  • Length: 16:54
Show
View Real Time Build Order
Export as new Build Order

faelzin Terran - Winner!

Build Orders:  

Get SALT Encoding   

  12  0:03  SCV  
  13  0:20  Refinery  
  13  0:29  SCV  
  14  0:39  Supply Depot  
  14  0:46  SCV  
  15  1:09  SCV  
  16  1:14  Barracks  
  16  1:26  SCV  
  17  1:41  Refinery  
  17  1:43  SCV  
  18  2:00  SCV  
  19  2:17  SCV  
  20  2:22  Supply Depot  
  20  2:25  Barracks Reactor  
  20  2:34  SCV  
  21  2:51  SCV  
  21  2:55  Engineering Bay  
  22  3:08  SCV  
  23  3:25  SCV  
  26  3:33  Marine x2  
  26  3:41  Supply Depot  
  26  3:58  Marine x2  
  28  4:01  Missile Turret  
  28  4:13  Supply Depot  
  28  4:23  Marine x2  
  30  4:32  Supply Depot  
  30  4:48  Marine x2  
  32  5:08  Supply Depot  
  32  5:12  Factory  
  32  5:13  Marine x2  
  34  5:36  Terran Infantry Weapons Level 1  
  34  5:43  Supply Depot  
  34  6:16  Supply Depot, Command Center  
  34  6:19  Factory Tech Lab  
  34  6:50  Supply Depot  
  34  7:23  Siege Tank  
  37  7:36  Supply Depot  
  37  7:58  Armory  
  37  8:08  Siege Tank  
  40  8:16  Terran Infantry Armor Level 1  
  40  8:21  SCV  
  40  8:27  Factory  
  41  8:31  SCV  
  41  8:38  SCV  
  43  8:48  SCV  
  44  8:53  Siege Tank  
  44  8:55  SCV  
  48  9:05  SCV  
  49  9:12  SCV  
  49  9:14  Supply Depot  
  50  9:22  SCV  
  50  9:29  SCV  
  52  9:38  Siege Tank  
  52  9:39  SCV  
  56  9:54  Refinery  
  56  9:57  Refinery, SCV  
  57  10:14  SCV  
  58  10:23  Siege Tank  
  61  10:30  SCV  
  62  10:42  Factory Tech Lab  
  62  10:47  SCV  
  63  11:04  SCV  
  63  11:08  Thor  
  70  11:17  Thor  
  76  11:21  SCV  
  77  11:38  SCV  
  78  11:55  SCV  
  79  12:07  Unknown, Thor  
  85  12:11  Terran Infantry Weapons Level 2  
  85  12:17  Thor  
  91  13:07  Cyclone  
  94  13:17  Siege Tank  
  97  13:52  Siege Tank  
  100  14:02  Siege Tank  
  103  14:37  Thor  
  109  14:43  Siege Tank x3  
  109  14:47  Siege Tank  
  108  15:32  Siege Tank  
  108  15:37  Siege Tank  
  114  15:41  Siege Tank  
Tags
 
Add a new tag
Caveats
  • Supply blocks, unpowered buildings, or Contaminate may cause inaccurate times.
  • Supply counts are checked every 10 seconds.